 Dungeon Sprint DCSS version 0.21.2 (webtiles) character file.

907 Fang the Cleaver (level 8, 0/88 HPs)
             Began as a Gargoyle Berserker on Jan 10, 2019.
             Was the Champion of Trog.
             Slain by a tyrant leech (13 damage)
             ... in the Dungeon (Sprint VII: "The Pits").
             The game lasted 00:01:25 (746 turns).

Fang the Cleaver (Gargoyle Berserker)                Turns: 746, Time: 00:01:26

Health: 0/88       AC: 19    Str: 27    XL:     8   Next: 8%
Magic:  8/8        EV:  9    Int:  9    God:    Trog [******]
Gold:   0          SH:  0    Dex:  9    Spells: 7/7 levels left

rFire    . . .     SeeInvis .   n - +2 hand axe (freeze)
rCold    . . .     Gourm    .   (no shield)
rNeg     + . .     Faith    .   o - +2 plate armour
rPois    ∞         Spirit   .   (no helmet)
rElec    +         Reflect  .   (no cloak)
rCorr    .         Harm     .   (no gloves)
MR       .....     NoTele   +   (no boots)
Stlth    ..........             (no amulet)
HPRegen  0.24/turn              (no ring)
MPRegen  0.11/turn              (no ring)

@: berserking, slowed
A: negative energy resistance 1, electricity resistance, unbreathing,
petrification resistance, rot immunity, AC +5
a: Berserk, Trog's Hand, Brothers in Arms, Burn Spellbooks, Renounce Religion


You were in the Dungeon.
You worshipped Trog.
Trog was exalted by your worship.
You were not hungry.

You visited 1 branch

Inventory:

Hand Weapons
 a - a +0 hand axe
 j - a +2 hand axe
 n - a +2 hand axe of freezing (weapon)
Armour
 b - a +0 animal skin
 o - a +2 plate armour (worn)
Scrolls
 i - a scroll of blinking
 l - 3 scrolls of remove curse
 m - a scroll of summoning
Potions
 d - 6 potions of curing
 e - 6 potions of heal wounds
 f - a potion of haste
 g - 4 potions of magic
 h - 3 potions of berserk rage
 k - 2 potions of invisibility
Comestibles
 c - 8 rations


   Skills:
 + Level 10.8 Fighting
 + Level 11.7 Axes
 + Level 4.6 Armour
 + Level 4.5 Dodging
 + Level 2.0 Stealth


You had 7 spell levels left.
You didn't know any spells.

Dungeon Overview and Level Annotations

Branches:
Dungeon (1/1)

Altars:
Cheibriados
Dithmenos
Elyvilon
Fedhas
Gozag
Hepliaklqana
Makhleb
Nemelex Xobeh
Okawaru
Qazlal
Ru
Sif Muna
Trog
Vehumet
Wu Jian
Xom
Yredelemnul
Zin
The Shining One
Beogh
Jiyva
Lugonu


Innate Abilities, Weirdness & Mutations

You are resistant to torment.
Your stone body is resilient. (AC +5)
You are immune to poison.
You resist negative energy. (rN+)
You are resistant to electric shocks. (rElec)
You can survive without breathing.
You are immune to petrification.
You are immune to rotting.


Message History

A red film seems to cover your vision as you go berserk!
You feel yourself moving faster!
You feel mighty!
You feel a lot more hungry. The hound barely misses you.
The wraith closely misses you. The hound bites you but does no damage.
The tyrant leech bites you!!
* * * LOW HITPOINT WARNING * * *
The wraith completely misses you.
Unknown command.
You closely miss the tyrant leech. You slash the hound! You freeze the hound.
You feel the power of Trog in you as your rage grows.
You kill the hound!
Trog accepts your kill.
You hit the wraith.
Unknown command.
You barely miss the tyrant leech. You closely miss the wraith.
The wraith closely misses you. The tyrant leech bites you!
* * * LOW HITPOINT WARNING * * *
Unknown command.
You closely miss the tyrant leech. You slash the wraith!
The wraith hits you but does no damage. The tyrant leech bites you!
You die...

#.#.....#'###...<...#
#.#........##.......#
#.#........##.......#
#)###########.......#
#.......#..##########
#)..#...#.######
#...#...#.#....#
#.##.##.#'#w...#
#...#...#.@W...+
#...#...#'#....#
#.......'.#....#
################


You could see a tyrant leech and a wraith.

Vanquished Creatures
  A hungry ghost (D)
  A warg (D)
  A water moccasin (D)
  A floating eye (D)
  An ice beast (D)
  An eye of draining (D)
  A big kobold (D)
  A gnoll sergeant (D)
  A hound (D)
  An iguana (D)
  6 gnolls (D)
  2 white imps (D)
  2 ufetubi (D)
  An adder skeleton (D)
  2 ball pythons (D)
  A bat zombie (D)
  A goblin (D)
  4 jackals (D)
  A frilled lizard (D)
30 creatures vanquished.

Notes
Turn   | Place    | Note
-------+----------+-------------------------------------------
     0 | D        | Fang the Gargoyle Berserker began the quest for the Orb.
     0 | D        | Reached XP level 1. HP: 14/14 MP: 1/1
    21 | D        | Reached skill level 3 in Axes
    23 | D        | Reached ** piety under Trog
   142 | D        | Found a bloodstained altar of Trog.
   142 | D        | Found a deep blue altar of Sif Muna.
   142 | D        | Found a viscous altar of Jiyva.
   142 | D        | Found a hazy altar of Hepliaklqana.
   142 | D        | Found an opulent altar of Gozag.
   143 | D        | Found a glowing golden altar of the Shining One.
   143 | D        | Found a glowing silver altar of Zin.
   143 | D        | Found a basalt altar of Yredelemnul.
   143 | D        | Found a shimmering altar of Xom.
   143 | D        | Found an ornate altar of the Wu Jian Council.
   143 | D        | Found a sacrificial altar of Ru.
   143 | D        | Found a stormy altar of Qazlal.
   143 | D        | Found an iron altar of Okawaru.
   143 | D        | Found a sparkling altar of Nemelex Xobeh.
   143 | D        | Found a burning altar of Makhleb.
   143 | D        | Found a blossoming altar of Fedhas.
   143 | D        | Found a white marble altar of Elyvilon.
   143 | D        | Found a shadowy altar of Dithmenos.
   143 | D        | Found a snail-covered altar of Cheibriados.
   145 | D        | Found a radiant altar of Vehumet.
   145 | D        | Found a corrupted altar of Lugonu.
   145 | D        | Found a roughly hewn altar of Beogh.
   185 | D        | Noticed a floating eye
   189 | D        | Paralysed by a floating eye for 4 turns
   194 | D        | Killed a floating eye
   194 | D        | Reached skill level 6 in Axes
   194 | D        | Reached XP level 2. HP: 23/23 MP: 2/2
   194 | D        | Reached XP level 3. HP: 28/28 MP: 3/3
   194 | D        | Reached XP level 4. HP: 32/32 MP: 4/4
   203 | D        | Reached *** piety under Trog
   211 | D        | Reached XP level 5. HP: 33/38 MP: 5/5
   268 | D        | Reached **** piety under Trog
   274 | D        | Reached ***** piety under Trog
   274 | D        | Reached skill level 7 in Axes
   274 | D        | Reached XP level 6. HP: 18/45 MP: 6/6
   276 | D        | Reached skill level 8 in Axes
   551 | D        | Noticed a warg
   552 | D        | Noticed a water moccasin
   562 | D        | Killed a warg
   562 | D        | Reached skill level 9 in Axes
   563 | D        | Reached skill level 1 in Stealth
   565 | D        | Killed a water moccasin
   565 | D        | Reached skill level 10 in Axes
   565 | D        | Reached XP level 7. HP: 52/52 MP: 7/7
   565 | D        | Received a gift from Trog
   568 | D        | Reached skill level 10 in Fighting
   664 | D        | Noticed a hungry ghost
   667 | D        | Reached skill level 11 in Axes
   680 | D        | Killed a hungry ghost
   680 | D        | Reached XP level 8. HP: 59/59 MP: 1/8
   735 | D        | Noticed a wraith
   735 | D        | Noticed a tyrant leech
   744 | D        | Reached ****** piety under Trog
   746 | D        | Slain by a tyrant leech

Skill      XL: |  1  2  3  4  5  6  7 |
---------------+----------------------+-----
Axes           | 6 7 10 11 | 11.7
Fighting       | 6 7 8 9 10 | 10.8
Armour         | 3 4 |  4.6
Dodging        | 2 3 4 |  4.5
Stealth        | 1 2 |  2.0

Action                   |  1- 3 |  4- 6 |  7- 9 || total
-------------------------+-------+-------+-------++-------
Melee: Hand axe          |    14 |    44 |    55 ||   113
Invok: Berserk           |     1 |     2 |     2 ||     5
  Eat: Chunk             |       |     1 |     1 ||     2
       Ration            |       |       |     1 ||     1
Armor: Animal skin       |     2 |    16 |       ||    18
       Plate armour      |       |     7 |    22 ||    29
Dodge: Dodged            |     5 |    30 |    14 ||    49
